 Dungeon Crawl Stone Soup version 0.31-a0-358-gac0dbeb3ab (webtiles) character file.

Game seed: 1183954862644506574

233 spiderkeys the Ruffian (level 6, 0/41 HPs)
             Began as an Octopode Shapeshifter on July 25, 2023.
             Was an Initiate of Gozag.
             Slain by an orc wizard
             ... wielding a +2 vampiric dagger
              (2 damage)
             ... on level 4 of the Dungeon.
             The game lasted 00:05:33 (3222 turns).

spiderkeys the Ruffian (Octopode Shapeshifter)      Turns: 3222, Time: 00:05:34

Health: 0/41       AC:  1    Str: 17    XL:     6   Next: 5%
Magic:  6/6        EV: 14    Int: 10    God:    Gozag
Gold:   93         SH:  0    Dex: 12    Spells: 5/5 levels left

rFire   . .          .
                       - Unarmed
rCold   . . .        (no shield)
rNeg    . . .        (helmet currently unavailable)
rPois   .            (no amulet)
rElec   .            (no ring)
rCorr   .            (no ring)
SInv    .            (no ring)
Will    .....        (no ring)
Stlth   ++           (no ring)
HPRegen 0.26/turn    (no ring)
MPRegen 0.10/turn    (no ring)
                     (no ring)

%: no passive effects
@: beast-form, gold aura
A: beast (slay +2), almost no armour, amphibious, 8 rings, camouflage 1,
gelatinous body 1, (nimble swimmer 1), tentacles
a: Begin Untransformation, Renounce Religion, Potion Petition, Call Merchant,
Bribe Branch


You were on level 4 of the Dungeon.
You worshipped Gozag.
Gozag was noncommittal.
You were a hulking beast.
You visited 1 branch of the dungeon, and saw 4 of its levels.

You collected 111 gold pieces.
You paid 18 gold pieces to Gozag.


Innate Abilities, Weirdness & Mutations

You are a hulking beast.
Your limbs bulge with bestial killing power. (Slay +2)
You cannot wear most types of armour.
You are amphibious.
You can wear up to eight rings at the same time.
Your skin changes colour to match your surroundings (Stealth+).
Your rubbery body absorbs attacks. (AC +1, EV +1)
((You are camouflaged when in or above water. (Stealth+)))
You have tentacles for arms and can constrict up to eight enemies at once.


   Skills:
 + Level 2.9 Fighting
 + Level 3.4 Dodging
 + Level 4.1 Unarmed Combat
 + Level 3.8 Shapeshifting


You had 5 spell levels left.
You didn't know any spells.
Your spell library contained the following spells:

 Spells                   Type           Power      Damage    Failure   Level
 Apportation              Tloc           0%         N/A       36%         1
 Freeze                   Ice            0%         1d3       36%         1
 Necrotise                Necr           0%         1d4       36%         1
 Summon Small Mammal      Summ           0%         N/A       36%         1
 Frozen Ramparts          Ice            0%         1d1       75%         3
 Hailstorm                Conj/Ice       0%         3d3       75%         3
 Ozocubu's Armour         Ice            0%         N/A       75%         3
 Vampiric Draining        Necr           0%         2d6       75%         3
 Agony                    Necr           0%         N/A       100%        5
 Ozocubu's Refrigeration  Ice            0%         4d7       100%        7

Inventory:

Missiles
 d - 27 stones
 e - 6 poisoned darts
Jewellery
 G - an amulet of guardian spirit
   (You found it on level 1 of the Dungeon)
Talismans
 b - a beast talisman
Scrolls
 c - a scroll of revelation {unknown}
 f - a scroll of noise {unknown}
 g - a scroll of teleportation {unknown}
 i - 2 scrolls of fog {unknown}
 j - a scroll of torment {unknown}
 k - a scroll of enchant weapon {unknown}
 m - 2 scrolls of identify {unknown}
 o - a scroll of poison {unknown}
 s - a scroll of fear {unknown}
Potions
 a - 2 potions of lignification {!q}
 h - 3 potions of degeneration {unknown}
 l - a potion of resistance {unknown}
 n - 2 potions of invisibility {unknown}
 p - a potion of attraction {unknown}
 q - a potion of heal wounds {unknown}
 r - a potion of curing {unknown}

Dungeon Overview and Level Annotations

Branches:
Dungeon (4/15) Zot: 20782
 Temple: D:4-7

Altars:
Cheibriados
Gozag

#.#.+ ..# #.<#
#.# ##.# #.#
#.# #.# #.# #
#.# #.#
.####.#.# #.#
......#.####.#
#...{h....#
...(..#$o#####
##### #..#
#..# >..#
###.# #.# #.#
#.#


You could see an orc.


Message History

e - 2 poisoned darts (gained 1)
e - 3 poisoned darts (gained 1)
e - 4 poisoned darts (gained 1) Key pressed, stopping explore.
e - 5 poisoned darts (gained 1)
e - 6 poisoned darts (gained 1)
The torpor snail briefly extends its eye-stalks.
You now have 93 gold pieces (gained 6).
Key pressed, stopping explore.
Found a stone staircase leading up. 😎 HP[+12]
Your hp is fully restored (41).
You see here a +0 ring mail.
r - an inky potion Done exploring.
Done exploring.
Done exploring.
Done exploring.
There is a stone staircase leading down here.
You climb downwards.
You hear the sound of rushing water.
There is an entrance to a sewer on this level.
Hurry and find it before the portal rusts away!
There is a stone staircase leading up here.
s - a scroll labelled GUMAOK LUSY An orc wizard comes into view.
It is wielding a +2 vampiric dagger.
Found a stone staircase leading down.
The orc wizard shouts!
You hear a shout! x2
The orc wizard gestures at you while chanting.
The magic dart hits you.
You see here 15 gold pieces. 😕 HP[-6]
You take 6 damage, and now have 35/41 hp.
The orc wizard points at you and mumbles some strange words.
The magic dart hits you! 😮 HP[-11]
You take 11 damage, and now have 24/41 hp.
MASSIVE DAMAGE!! (PAUSE)
The orc wizard casts a spell.
The orc wizard flickers and vanishes!
Deactivating autopickup; reactivate with Ctrl-A.
Something barely misses you.
You tentacle-slap something. 😮 HP[+1]
You tentacle-slap something. Your squeeze misses something.
Something hits you. 😮 HP[-3]
You take 3 damage, and now have 22/41 hp.
You tentacle-slap something.
You hear some strange, mumbled words.
You are confused.
An orc comes into view. It is wielding a +0 hand axe.
You miss something. Your squeeze misses something.
You hear some strange, mumbled words.
You are more confused.
You bump into the rock wall.
An orc comes into view. It is wielding a +0 whip.
Something hits you.
* * * LOW HITPOINT WARNING * * *
😨 HP[-2]
You take 2 damage, and now have 20/41 hp.
You barely miss something. Something hits you.
* * * LOW HITPOINT WARNING * * *
😨 HP[-2]
You take 2 damage, and now have 18/41 hp.
Unknown command.
The orc completely misses you.
You bump into the rock wall.
The orc barely misses you. The orc attacks as you move away!
The orc barely misses you.
You see here 15 gold pieces. 😨 HP[+1]
You bludgeon the orc!
You kill the orc!
Something hits you.
* * * LOW HITPOINT WARNING * * *
The orc closely misses you. 😨 HP[-2]
You take 2 damage, and now have 17/41 hp.
You bump into the rock wall.
Something hits you.
* * * LOW HITPOINT WARNING * * *
The orc hits you with a +0 hand axe.
* * * LOW HITPOINT WARNING * * *
😨 HP[-5]
You take 5 damage, and now have 12/41 hp.
The orc misses you.
A magic dart appears from out of thin air!
The magic dart hits you.
* * * LOW HITPOINT WARNING * * *
😱 HP[-6]
You take 6 damage, and now have 6/41 hp.
Something completely misses you. The orc barely misses you.
You see here 15 gold pieces. 😱 HP[+1]
You miss something. Your squeeze misses something.
You feel less confused. The orc misses you. Something hits you.
* * * LOW HITPOINT WARNING * * *
😱 HP[-5]
You take 5 damage, and now have 2/41 hp.
You tentacle-slap something. Something hits you.
You die...
Your body crumbles into a pile of gold.

Skill      XL: |  1  2  3  4  5 |
---------------+----------------+-----
Fighting       | 2 |  2.9
Dodging        | 3 |  3.4
Unarmed Combat | 4 |  4.1
Shapeshifting  | |  3.8

Action                     |  1- 3 |  4- 6 || total
---------------------------+-------+-------++-------
  Melee: Unarmed           |    57 |    28 ||    85
         Tentacles         |    16 |     4 ||    20
         Constrict         |    18 |     4 ||    22
  Throw: Dart              |     2 |     6 ||     8
   Stab: Sleeping          |     7 |     3 ||    10
 Armour: Skin              |     2 |     3 ||     5
  Dodge: Dodged            |    33 |    15 ||    48

Levels and vault maps discovered:
D:1:      amcnicky_arrival_double_pillar, layout_basic, basic_ecumenical_altar
D:2:      layout_loops_cross
D:3:      layout_rooms, cheibriados_altar_2, mainiacjoe_overflow_surrounded_room
D:4:      layout_loops_ring, mainiacjoe_overflow_alcove_2,
          chequers_temple_overflow_minitemple, gup_sewer_entry_bubbles,
          uniq_ijyb

Notes
Turn   | Place    | Note
-------+----------+-------------------------------------------
     0 | D:1      | spiderkeys the Octopode Shapeshifter began the quest for
                  | the Orb.
     0 | D:1      | Reached XP level 1. HP: 13/13 MP: 1/1
     0 | D:1      | magus.rc [v1.11.3]
    39 | D:1      | You add the spells Ozocubu's Armour and Ozocubu's
                  | Refrigeration to your library.
   101 | D:1      | Reached XP level 2. HP: 18/18 MP: 2/2
   252 | D:1      | Found a faded altar of an unknown god.
   269 | D:1      | You pick up a book of Necromancy and begin reading...
   269 | D:1      | You add the spells Necrotise, Vampiric Draining and Agony
                  | to your library.
   822 | D:2      | Reached XP level 3. HP: 23/23 MP: 3/3
  1388 | D:3      | Noticed an ogre
  2636 | D:3      | You pick up a book of Frost and begin reading...
  2636 | D:3      | You add the spells Freeze, Frozen Ramparts and Hailstorm to
                  | your library.
  2688 | D:3      | Noticed an ogre
  2694 | D:3      | Killed an ogre
  2695 | D:3      | Reached skill level 2 in Fighting
  2695 | D:3      | Reached skill level 3 in Dodging
  2695 | D:3      | Reached XP level 4. HP: 30/30 MP: 4/4
  2695 | D:3      | Reached XP level 5. HP: 35/35 MP: 5/5
  2715 | D:3      | Found a snail-covered altar of Cheibriados.
  2715 | D:3      | Noticed a torpor snail
  2718 | D:3      | You pick up a book of Cantrips and begin reading...
  2718 | D:3      | You add the spells Summon Small Mammal and Apportation to
                  | your library.
  2846 | D:3      | Found an opulent altar of Gozag.
  2886 | D:3      | Became a worshipper of Gozag Ym Sagoz the Greedy
  2912 | D:3      | Noticed a torpor snail
  2914 | D:3      | Noticed a torpor snail
  3069 | D:3      | Killed an ogre
  3070 | D:3      | Reached skill level 4 in Unarmed Combat
  3070 | D:3      | Reached XP level 6. HP: 29/41 MP: 6/6
  3219 | D:4      | HP: 6/41 [something/magic dart (6)]
  3221 | D:4      | HP: 2/41 [something (5)]
  3222 | D:4      | Slain by an orc wizard

Vanquished Creatures
  2 ogres (D:3)
  2 adders
  A worm (D:2)
  A dart slug (D:1)
  An orc (D:4)
  2 endoplasms
  4 goblins
  6 hobgoblins
  6 jackals
  3 kobolds
  2 quokkas
  4 ball pythons
  6 bats
  2 frilled lizards
  2 rats
44 creatures vanquished.

Table legend:
 A = Non-vault XP
 B = Vault XP
 C = Vault XP percentage of total XP
 D = Non-vault monster count
 E = Vault monster count
 F = Vault count percentage of total count
                 A         B        C        D         E       F
            +---------+---------+-------+---------+---------+-------
      Total |     334 |       0 |   0.0 |      44 |       0 |   0.0
            +---------+---------+-------+---------+---------+-------
        D:1 |      29 |       0 |   0.0 |      16 |       0 |   0.0
        D:2 |      38 |       0 |   0.0 |      14 |       0 |   0.0
        D:3 |     264 |       0 |   0.0 |      13 |       0 |   0.0
        D:4 |       3 |       0 |   0.0 |       1 |       0 |   0.0
            +---------+---------+-------+---------+---------+-------

Skill      XL: |  1  2  3  4  5 |
---------------+----------------+-----
Fighting       | 2 |  2.9
Dodging        | 3 |  3.4
Unarmed Combat | 4 |  4.1
Shapeshifting  | |  3.8

Action                     |  1- 3 |  4- 6 || total
---------------------------+-------+-------++-------
  Melee: Unarmed           |    57 |    28 ||    85
         Tentacles         |    16 |     4 ||    20
         Constrict         |    18 |     4 ||    22
  Throw: Dart              |     2 |     6 ||     8
   Stab: Sleeping          |     7 |     3 ||    10
 Armour: Skin              |     2 |     3 ||     5
  Dodge: Dodged            |    33 |    15 ||    48

Illustrated notes

Table legend:
 A = Kills in this place as a percentage of kills in the entire game.
 B = Kills by you in this place as a percentage of kills by you in the entire game.
 C = Kills by friends in this place as a percentage of kills by friends in the entire game.
 D = Other kills in this place as a percentage of other kills in the entire game.
 E = Experience gained in this place as a percentage of experience gained in the entire game.
 F = Experience gained in this place divided by the number of levels of this place that you have seen.
                   A       B       C       D       E      F
               +-------+-------+-------+-------+-------+----------------------
         Total | 100.0 | 100.0 |   N/A |   N/A | 100.0 |  83.5
       Dungeon | 100.0 | 100.0 |   N/A |   N/A | 100.0 |  83.5
               +-------+-------+-------+-------+-------+----------------------

Table legend: (Time is in decaauts)
 A = Elapsed time spent in this place.
 B = Non-inter-level travel time spent in this place.
 C = Inter-level travel time spent in this place.
 D = Time resting spent in this place.
 E = Time spent auto-exploring this place.
 F = Levels seen in this place.
 G = Mean time per level.
                   A        B        C        D        E       F      G
               +--------+--------+--------+--------+--------+-----+--------+
         Total |   3217 |   1950 |   1267 |      0 |   1609 |   4 |  804.2 |
       Dungeon |   3217 |   1950 |   1267 |      0 |   1609 |   4 |  804.2 |
               +--------+--------+--------+--------+--------+-----+--------+

Top non-repeatable levels by time:
     D:2: 1882 daAuts
     D:1: 730 daAuts
     D:3: 576 daAuts
     D:4: 28 daAuts
